 Dungeon Crawl Stone Soup version 0.27-a0-362-g8331d79 (webtiles) character file.

Game seed: 11048481849690172679

15804 MrTaco21 the Basher (level 12, -1/64 HPs)
             Began as a Gargoyle Fighter on Feb 16, 2021.
             Was a High Priest of Okawaru.
             Slain by a white ugly thing (13 damage)
             ... on level 12 of the Dungeon.
             The game lasted 00:22:38 (12373 turns).

MrTaco21 the Basher (Gargoyle Fighter)             Turns: 12373, Time: 00:22:39

Health: -1/64      AC: 24    Str: 26    XL:     12   Next: 30%
Magic:  12/12      EV:  9    Int:  8    God:    Okawaru [*****.]
Gold:   269        SH: 12    Dex:  9    Spells: 11/11 levels left

rFire    . . .     SeeInvis .   g - +1 eveningstar (venom)
rCold    . . .     Faith    .   c - +0 kite shield
rNeg     + . .     Spirit   .   b - +0 scale mail
rPois    ∞         Reflect  .   f - +1 helmet
rElec    +         Harm     .   E - scarf {shadows}
rCorr    .         Rampage  .   p - +0 pair of gloves
Will     .....                  J - +2 pair of boots
Stlth    ..........             e - amulet of regeneration
HPRegen  1.20/turn              (no ring)
MPRegen  0.13/turn              (no ring)

@: hasted, very quick
A: negative energy resistance 1, electricity resistance, unbreathing,
petrification resistance, miasma immunity, AC +8
a: Renounce Religion, Heroism, Finesse


You were on level 12 of the Dungeon.
You worshipped Okawaru.
Okawaru was extremely pleased with you.
You visited 2 branches of the dungeon, and saw 14 of its levels.
You also visited: Ossuary.

You collected 669 gold pieces.
You spent 400 gold pieces at shops.

Inventory:

Hand Weapons
 g - a +1 eveningstar of venom (weapon)
   (You bought it in a shop on level 9 of the Dungeon)
 r - the +9 falchion "Rokoth" {protect, +Rage rElec Str-2 Dex+4, unknown}
   (You found it on level 10 of the Dungeon)

   It grants its wielder temporary protection when it strikes (+7 to AC).
   It affects your strength (-2).
   It affects your dexterity (+4).
   It insulates you from electricity.
   It lets you go berserk.
 F - the +2 great mace "Eviscerator" {venom, Int+2, unknown}
   (Okawaru gifted it to you on level 10 of the Dungeon)

   It poisons the flesh of those it strikes.
   It affects your intelligence (+2).
Missiles
 G - 25 poisoned darts (quivered)
Armour
 b - a +0 scale mail (worn)
 c - a +0 kite shield (worn)
 f - a +1 helmet (worn)
   (You found it on level 1 of the Dungeon)
 p - a +0 pair of gloves (worn)
   (You found it on level 10 of the Dungeon)
 E - a scarf of shadows (worn)
   (You found it on level 5 of the Dungeon)
 J - a +2 pair of boots (worn)
   (You found it on level 4 of the Dungeon)
Jewellery
 e - an amulet of regeneration (around neck)
   (You found it on level 2 of the Dungeon)
Wands
 d - a wand of iceblast (20)
   (You found it on level 8 of the Dungeon)
 l - a wand of charming (7)
   (You found it on level 2 of the Dungeon)
 t - a wand of flame (19)
   (You found it on level 9 of the Dungeon)
 u - a wand of paralysis (22)
   (You found it in an ossuary)
 v - a wand of digging (8)
   (You found it on level 4 of the Dungeon)
 x - a wand of acid (11)
   (You found it on level 12 of the Dungeon)
 y - a wand of polymorph (19)
   (You found it in an ossuary)
Scrolls
 j - 5 scrolls of enchant weapon
 k - 3 scrolls of amnesia
 n - a scroll of magic mapping {unknown}
 q - 3 scrolls of fog {unknown}
 s - 9 scrolls of teleportation {@r4}
 w - 2 scrolls of immolation {unknown}
 B - 3 scrolls of acquirement {unknown}
 D - a scroll of blinking {unknown}
 H - a scroll of brand weapon {unknown}
 K - a scroll of fear {unknown}
 M - 2 scrolls of vulnerability {unknown}
 N - 3 scrolls of identify {@r1}
Potions
 a - a potion of magic {unknown}
 h - 4 potions of curing {@q1}
 i - a potion of haste {@q3}
 m - 3 potions of heal wounds {@q2}
 o - 3 potions of brilliance
 z - a potion of mutation {unknown}
 A - 3 potions of lignification {unknown}
 C - a potion of flight {unknown}
 I - 2 potions of might
 L - a potion of attraction {unknown}


   Skills:
 - Level 3.2 Fighting
 + Level 14.8 Maces & Flails
 - Level 10.1 Armour
 - Level 10.1 Shields


You had 11 spell levels left.
You didn't know any spells.
Your spell library contained the following spells:

 Spells                   Type           Power        Failure   Level
 Animate Skeleton         Necr           0%           85%         1
 Apportation              Tloc           0%           85%         1
 Beastly Appendage        Tmut           0%           85%         1
 Corona                   Hex            0%           85%         1
 Magic Dart               Conj           0%           85%         1
 Sandblast                Erth           0%           85%         1
 Shock                    Conj/Air       0%           85%         1
 Sting                    Tmut/Pois      0%           85%         1
 Summon Small Mammal      Summ           0%           85%         1
 Blink                    Tloc           N/A          94%         2
 Call Imp                 Summ           0%           94%         2
 Ensorcelled Hibernation  Hex/Ice        0%           94%         2
 Passwall                 Tmut/Erth      0%           94%         2
 Slow                     Hex            0%           94%         2
 Wereblood                Tmut           0%           94%         2
 Confusing Touch          Hex            0%           99%         3
 Conjure Flame            Conj/Fire      0%           99%         3
 Dazzling Flash           Conj/Hex       0%           99%         3
 Inner Flame              Hex/Fire       0%           99%         3
 Mephitic Cloud           Conj/Pois/Air  0%           99%         3
 Spider Form              Tmut/Pois      0%           99%         3
 Stone Arrow              Conj/Erth      0%           99%         3
 Tukima's Dance           Hex            0%           99%         3
 Ice Form                 Ice/Tmut       0%           100%        4
 Petrify                  Tmut/Erth      0%           100%        4
 Blade Hands              Tmut           0%           100%        5
 Irradiate                Conj/Tmut      0%           100%        5
 Lee's Rapid Deconstruct  Erth           0%           100%        5
 Summon Forest            Summ/Tloc      0%           100%        5
 Spellforged Servitor     Conj/Summ      0%           100%        7


Dungeon Overview and Level Annotations

Branches:
Dungeon (13/15)            Temple (1/1) D:5            Lair (0/6) D:10
    Orc (0/2) D:9          Vaults (0/5) D:13        Ossuary (visited)

Altars:
Ashenzari
Cheibriados
Dithmenos
Elyvilon
Fedhas
Gozag
Hepliaklqana
Kikubaaqudgha
Makhleb
Nemelex Xobeh
Okawaru
Qazlal
Ru
Sif Muna
Trog
Uskayaw
Vehumet
Wu Jian
Xom
Yredelemnul
Zin
The Shining One

Shops:
D:5 :!   D:9 *


Innate Abilities, Weirdness & Mutations

You are resistant to torment.
Your stone body is resilient. (AC +8)
You are immune to poison.
You resist negative energy. (rN+)
You are resistant to electric shocks. (rElec)
You can survive without breathing.
You are immune to petrification.
You are immune to miasma.


Message History

You barely miss the white ugly thing.
The white ugly thing gores you but does no damage.
You block the worker ant's attack.
You barely miss the white ugly thing. The worker ant barely misses you.
You block the white ugly thing's attack.
You hit the white ugly thing but do no damage.
The worker ant barely misses you. The white ugly thing gores you.
The white ugly thing freezes you!!
Ouch! That really hurt!
* * * LOW HITPOINT WARNING * * *
You feel much better. The worker ant closely misses you.
The white ugly thing misses you.
The worker ant bites you but does no damage.
You feel yourself speed up.
You block the white ugly thing's attack.
The worker ant bites you but does no damage.
There is an open door here.
You open the door.
There is an open door here.
There is an open door here.
There is an open door, spattered with blood here.
You see here a +0 giant spiked club.
A white ugly thing is nearby!
You hit the white ugly thing.
The white ugly thing is poisoned.
You puncture the white ugly thing! The white ugly thing gores you.
The white ugly thing freezes you!!
* * * LOW HITPOINT WARNING * * *
You hit the white ugly thing.
Unknown command.
You hit the white ugly thing.
The white ugly thing looks as sick as possible!
The white ugly thing gores you but does no damage.
Unknown command.
You barely miss the white ugly thing.
Unknown command.
Unknown command.
You hit the white ugly thing.
The worker ant bites you but does no damage.
You block the white ugly thing's attack.
You barely miss the white ugly thing. You block the worker ant's attack.
Unknown command.
You bludgeon the white ugly thing!!
You block the white ugly thing's attack.
You block the worker ant's attack.
Unknown command.
Unknown command.
You closely miss the white ugly thing. The white ugly thing gores you.
* * * LOW HITPOINT WARNING * * *
The white ugly thing freezes you!
You die...

#########
#####.......#
#######
#...).......#
###.....#
#.###uB.....#
##.'.....# #.#
#@......#
#..#.(...###.#
#.......#
#.##.)...##..#
#.......#
..##....('..##
#.......#
.###....u####
#.......# ##
#.....#
###'#####
#...u.# ###.#
###'### #...#
#.#
#####'#######


You could see a white ugly thing (very poisoned) and a worker ant.

Vanquished Creatures
  Snorg (D:11)
  A boulder beetle (D:11)
  A two-headed ogre (D:8)
  3 death yaks (D:9)
  A wizard (D:9)
  An ugly thing (D:12)
  3 cyclopes
  3 trolls
  Grinder (D:4)
  Sigmund (D:5)
  2 wraiths (Ossuary)
  A ynoxinul (D:8)
  A wyvern (D:9)
  A spriggan (D:11)
  17 yaks
  A water moccasin (D:9)
  3 black bears
  A necrophage (D:9)
  2 orc warriors
  4 ogres
  2 sky beasts
  11 centaurs
  3 phantoms
  2 kobold brigands
  5 bullfrogs
  A wyvern skeleton (D:8)
  2 scorpions (D:4)
  4 killer bees (D:11)
  10 wights
  6 howler monkeys (D:9)
  A bullfrog zombie (D:8)
  2 centaur zombies
  A quasit (D:10)
  A jelly (D:10)
  3 orc priests
  7 hounds
  3 centaur skeletons
  2 bullfrog skeletons (D:9)
  4 iguanas
  5 orc wizards
  3 hell rats
  4 worker ants
  A hound zombie (D:5)
  8 gnolls
  14 adders
  3 river rats
  A shadow imp (D:6)
  3 white imps
  3 ufetubi
  2 oozes
  4 worms
  4 dart slugs
  3 leopard geckos
  18 orcs
  5 giant cockroaches
  5 goblins
  3 hobgoblins
  4 jackals (D:3)
  16 kobolds
  5 quokkas
  4 ball pythons
  2 ball python skeletons (Ossuary)
  3 bats (D:3)
  4 frilled lizards
  2 jackal skeletons
  2 orc skeletons (Ossuary)
  3 orc zombies (Ossuary)
  A quokka zombie (D:6)
  7 rats
261 creatures vanquished.

Vanquished Creatures (others)
  A vampire (D:12)
  An orc (D:4)
  6 plants
8 creatures vanquished.

Grand Total: 269 creatures vanquished

Notes
Turn   | Place    | Note
-------+----------+-------------------------------------------
     0 | D:1      | MrTaco21 the Gargoyle Fighter began the quest for the Orb.
     0 | D:1      | Reached XP level 1. HP: 14/14 MP: 1/1
    50 | D:1      | Reached XP level 2. HP: 16/19 MP: 2/2
   277 | D:1      | Reached skill level 3 in Maces & Flails
   783 | D:2      | Found a white marble altar of Elyvilon.
   818 | D:2      | Reached XP level 3. HP: 17/23 MP: 3/3
  1327 | D:2      | Reached skill level 4 in Maces & Flails
  1369 | D:2      | Reached XP level 4. HP: 27/28 MP: 4/4
  1690 | D:2      | Found a hide-covered altar of Uskayaw.
  1692 | D:2      | Found a stormy altar of Qazlal.
  1692 | D:2      | Found a sparkling altar of Nemelex Xobeh.
  2249 | D:3      | Found a sparkling altar of Nemelex Xobeh.
  2381 | D:3      | Found an ornate altar of the Wu Jian Council.
  2572 | D:3      | Reached skill level 5 in Maces & Flails
  2572 | D:3      | Reached XP level 5. HP: 32/32 MP: 5/5
  2621 | D:3      | Noticed a phantom
  2632 | D:3      | Killed a phantom
  2755 | D:3      | Reached skill level 6 in Maces & Flails
  2772 | D:3      | Reached XP level 6. HP: 34/37 MP: 6/6
  2987 | D:4      | Noticed Grinder
  3003 | D:4      | Paralysed by Grinder for 6 turns
  3011 | D:4      | Killed Grinder
  3012 | D:4      | Reached skill level 7 in Maces & Flails
  3065 | D:4      | Reached XP level 7. HP: 41/41 MP: 7/7
  3460 | D:4      | Found a burning altar of Makhleb.
  3460 | D:4      | Found a glowing silver altar of Zin.
  3461 | D:4      | Noticed an angel
  3461 | D:4      | Noticed a balrug
  3540 | D:4      | Found a broken altar of Ashenzari.
  3717 | D:5      | Entered Level 5 of the Dungeon
  3828 | D:5      | Found Owo Zask's Distillery.
  3900 | D:5      | Reached skill level 8 in Maces & Flails
  4278 | D:5      | Found Gois Bepp's Book Shop.
  4342 | D:5      | Found an ancient bone altar of Kikubaaqudgha.
  4377 | D:5      | Reached skill level 9 in Maces & Flails
  4377 | D:5      | Reached XP level 8. HP: 46/46 MP: 8/8
  4383 | D:5      | Noticed Sigmund
  4438 | D:5      | Killed Sigmund
  4530 | D:5      | Found a staircase to the Ecumenical Temple.
  4962 | Temple   | Entered the Ecumenical Temple
  5077 | Temple   | Became a worshipper of Warmaster Okawaru
  5136 | D:6      | Found an opulent altar of Gozag.
  5137 | D:6      | Found a radiant altar of Vehumet.
  5152 | D:6      | Reached skill level 10 in Maces & Flails
  5474 | D:6      | Identified the amulet "Edep Woo" {Faith *Corrode rPois rF+}
  6207 | D:7      | Reached * piety under Okawaru
  6208 | D:7      | Reached skill level 11 in Maces & Flails
  6497 | D:7      | Reached XP level 9. HP: 51/51 MP: 9/9
  6576 | D:7      | Found a sand-covered staircase.
  6585 | Ossuary  | Entered an ossuary
  6896 | Ossuary  | Reached skill level 12 in Maces & Flails
  7015 | D:7      | Got a bloodstained leather armour
  7446 | D:7      | Reached ** piety under Okawaru
  7710 | D:8      | Reached skill level 5 in Armour
  7710 | D:8      | Reached skill level 5 in Shields
  7739 | D:8      | Noticed a two-headed ogre
  7912 | D:8      | Found a shimmering blue altar of Sif Muna.
  7932 | D:8      | Noticed a troll
  7941 | D:8      | Killed a troll
  7952 | D:8      | Identified Sif Muna's Tome of Igneous Weightlessness
  7958 | D:8      | Found a bloodstained altar of Trog.
  8023 | D:8      | Killed a two-headed ogre
  8023 | D:8      | Reached *** piety under Okawaru
  8024 | D:8      | Reached XP level 10. HP: 21/56 MP: 10/10
  8823 | D:9      | Found a staircase to the Orcish Mines.
  8954 | D:9      | Found Nuqaf's Serpentskin Sales.
  9000 | D:9      | Identified the Catalogue of Shifting Creation
  9390 | D:9      | Identified the +3 leather armour of Refuge {Will+} (You
                  | found it on level 7 of the Dungeon)
  9426 | D:10     | Entered Level 10 of the Dungeon
  9445 | D:10     | Reached **** piety under Okawaru
  9636 | D:9      | Bought a +1 eveningstar of venom for 400 gold pieces
  9676 | D:10     | Found a staircase to the Lair.
  9676 | D:10     | Noticed a death yak
  9676 | D:10     | Noticed a wizard
  9677 | D:10     | Noticed a death yak
  9677 | D:10     | Noticed a death yak
  9755 | D:9      | Killed a death yak
  9785 | D:9      | Killed a death yak
  9785 | D:9      | Reached ***** piety under Okawaru
  9786 | D:9      | Reached XP level 11. HP: 45/60 MP: 11/11
  9906 | D:9      | Killed a death yak
  9937 | D:9      | Killed a wizard
 10137 | D:10     | Got a bone falchion
 10285 | D:10     | Received a gift from Okawaru
 10288 | D:10     | Got a smoking great mace {god gift}
 10343 | D:11     | Reached skill level 10 in Armour
 10343 | D:11     | Reached skill level 10 in Shields
 10399 | D:11     | Noticed a cyclops
 10504 | D:11     | Reached skill level 13 in Maces & Flails
 10597 | D:11     | Noticed a boulder beetle
 10614 | D:11     | Killed a boulder beetle
 10797 | D:11     | Noticed Snorg
 10809 | D:11     | Killed Snorg
 10978 | D:11     | Reached XP level 12. HP: 64/64 MP: 12/12
 11113 | D:11     | Reached skill level 14 in Maces & Flails
 11430 | D:12     | Received a gift from Okawaru
 12188 | D:13     | Noticed a centaur warrior
 12271 | D:13     | Found a gate to the Vaults.
 12271 | D:13     | Noticed a vault guard
 12271 | D:13     | Noticed a vault guard
 12271 | D:13     | Noticed a vault guard
 12271 | D:13     | Noticed a vault guard
 12271 | D:13     | Noticed a vault guard
 12277 | D:13     | Noticed a vault guard
 12373 | D:12     | Slain by a white ugly thing

Illustrated notes

Levels and vault maps discovered:
D:1:      psy_arrival_spokes, layout_basic, minmay_misc_feat_x
D:2:      minmay_thinvault, layout_loops_ring,
          gammafunk_temple_overflow_forgotten, elyvilon_altar_1, serial_forest,
          infiniplex_forest_end_3, infiniplex_forest_clump_long,
          infiniplex_forest_clump_diagonal, infiniplex_forest_diagonal,
          infiniplex_forest_end_double, infiniplex_forest_clump_double,
          infiniplex_forest_clump_curved, infiniplex_forest_end_3,
          chequers_mini_garden, nrook_loot_triangle, hangedman_decor_growths
D:3:      layout_basic, nzn_wu_jian_contemplation, portal_sewer_entry_e,
          st_stairs_12, nemelex_dance_club_becter
D:4:      layout_basic, grunt_temple_overflow_order_and_chaos_2,
          lemuel_coloured_pillars_altar, dk_noncrumbling_2, uniq_grinder
D:5:      layout_basic, kiku_gazebo_pond_becter, minmay_temple_entry_overgrown,
          serial_shops, shop, shop, uniq_sigmund
D:6:      layout_loops_ring, chequers_temple_overflow_statue_of_worship,
          minmay_hedge_maze, abandoned_shop
D:7:      layout_basic, lightli_ossuary_entry_decrepit_ruins
D:8:      layout_rooms, nzn_overflow_gifts_of_might_and_magic
D:9:      layout_basic, orc_0_dummy, grunt_ministairs_9, guppyfry_shop_venom
D:10:     layout_cross, dpeg_lair_monsters
D:11:     layout_cave_pods, the_bakery, uniq_snorg
D:12:     layout_roguey
D:13:     layout_rooms, erik_vaults_2, serial_co_window_serial,
          co_window_paths_b, co_window_corner_a, co_window_paths_a,
          co_window_paths_a, co_window_cross_1, co_window_paths_a,
          co_window_corner_a, co_window_paths_a, co_window_corner_a,
          co_window_of_opportunity_c, co_window_of_opportunity_b,
          co_window_of_opportunity_c, co_window_paths_c,
          co_window_of_opportunity_b, co_window_4corner_b, glass_columns_b,
          glass_columns_a, glass_columns_b, glass_columns_b, glass_columns_c,
          serial_shops, nicolae_shop_temple_entry_statues_fountains,
          grunt_ministairs_15
Temple:   nicolae_temple_figure_zero

Skill      XL: |  1  2  3  4  5  6  7  8  9 10 11 12 |
---------------+-------------------------------------+-----
Maces & Flails | 3 4 5 6 7 9 11 12 13 14 | 14.8
Armour         | 6 9 10 | 10.1
Shields        | 6 9 10 | 10.1
Fighting       | |  3.2

Action                   |  1- 3 |  4- 6 |  7- 9 | 10-12 || total
-------------------------+-------+-------+-------+-------++-------
Melee: Flail             |    78 |   190 |   544 |   312 ||  1124
       Eveningstar       |       |       |       |   363 ||   363
Throw: Dart              |       |       |     4 |    13 ||    17
  Use: Scroll            |       |       |       |     9 ||     9
       Potion            |       |       |       |     3 ||     3
Armor: Scale mail        |    40 |   145 |   343 |   521 ||  1049
Dodge: Dodged            |    17 |    76 |   167 |   260 ||   520
Block: Kite shield       |    33 |   118 |   294 |   460 ||   905

Table legend: (Time is in decaauts)
 A = Elapsed time spent in this place.
 B = Non-inter-level travel time spent in this place.
 C = Inter-level travel time spent in this place.
 D = Time resting spent in this place.
 E = Time spent auto-exploring this place.
 F = Levels seen in this place.
 G = Mean time per level.
                   A        B        C        D        E       F      G
               +--------+--------+--------+--------+--------+-----+--------+
         Total |  12519 |  11601 |    918 |    304 |   8444 |  15 |  834.6 |
       Dungeon |  11997 |  11088 |    909 |    200 |   8149 |  13 |  922.8 |
        Temple |    125 |    116 |      9 |      0 |    113 |   1 |  125.0 |
       Ossuary |    396 |    396 |      0 |    104 |    182 |   1 |  396.0 |
               +--------+--------+--------+--------+--------+-----+--------+

Top non-repeatable levels by time:
     D:2: 1546 daAuts
     D:5: 1258 daAuts
     D:9: 1256 daAuts
     D:7: 1170 daAuts
    D:11: 1099 daAuts
     D:6: 987 daAuts
     D:8: 885 daAuts
     D:4: 877 daAuts
    D:12: 872 daAuts
     D:3: 774 daAuts
     D:1: 672 daAuts
    D:10: 537 daAuts
 Ossuary: 396 daAuts
  Temple: 125 daAuts
    D:13: 59 daAuts
